 Dungeon Crawl Stone Soup version 0.26.1-2-gb8aa6d0cf2 (webtiles) character file.

Game seed: 13580442721858370627

156610 jmmainvi the Imperceptible (level 17, -12/91 HPs)
             Began as a Spriggan Enchanter on Feb 8, 2021.
             Was the Champion of Dithmenos.
             Killed from afar by a will-o-the-wisp (21 damage)
             ... with a foxfire
             ... on level 3 of the Swamp.
             The game lasted 02:49:49 (42791 turns).

jmmainvi the Imperceptible (Spriggan Enchanter)    Turns: 42791, Time: 02:49:49

Health: -12/91     AC: 13    Str:  7    XL:     17   Next: 10%
Magic:  30/30      EV: 43    Int: 20    God:    Dithmenos [******]
Gold:   906        SH:  9    Dex: 17    Spells: 6/32 levels left

rFire    . . .     SeeInvis +   b - +9 quick blade (elec)
rCold    . . .     Faith    .   N - +1 buckler {reflect}
rNeg     . . .     Spirit   .   J - +0 steam dragon scales
rPois    +         Reflect  +   (helmet restricted)
rElec    .         Harm     .   y - +2 cloak
rCorr    .         Rampage  .   (gloves unavailable)
Will     ++...                  (boots unavailable) Stlth ******++++
                                k - amulet of the acrobat
HPRegen  0.25/turn              e - ring of poison resistance
MPRegen  0.22/turn              n - +4 ring of protection

@: about to teleport, marked, acrobat, wreathed by umbra, very quick
A: very small, unfitting armour, see invisible, speed 3
a: Renounce Religion, Shadow Step, Shadow Form


You were on level 3 of the Swamp.
You worshipped Dithmenos.
Dithmenos was exalted by your worship.
You visited 6 branches of the dungeon, and saw 31 of its levels.
You visited 2 bazaars.
You also visited: Ice Cave.

You collected 2902 gold pieces.
You spent 1996 gold pieces at shops.

Inventory:

Hand Weapons
 a - the +10 quick blade "Beastslayer" {drain, rElec Dex+4}
   (You bought it in a shop in a bazaar)

   A truly terrible weapon, it drains the life of those it strikes.
   It affects your dexterity (+4).
   It insulates you from electricity.
 b - a +9 quick blade of electrocution (weapon)
Missiles
 i - 7 datura-tipped darts
 s - 482 bolts
 w - 3 throwing nets
 X - 7 atropa-tipped darts (quivered)
Armour
 g - +0 acid dragon scales
 y - a +2 cloak (worn)
 J - +0 steam dragon scales (worn)
 N - a +1 buckler of reflection (worn)
Jewellery
 e - a ring of poison resistance (left hand)
 k - an amulet of the acrobat (around neck)
 n - a +4 ring of protection (right hand)
 o - an uncursed ring of protection from fire
 r - an uncursed ring of protection from cold
 V - an uncursed amulet of regeneration
Wands
 B - a wand of iceblast (6)
 D - a wand of enslavement (39)
 S - a wand of acid (21)
Scrolls
 f - 2 scrolls of blinking
 h - 10 scrolls of teleportation
 j - 3 scrolls of fog
 l - 3 scrolls of vulnerability
 m - 7 scrolls of enchant armour
 q - a scroll of magic mapping
 t - 14 scrolls of remove curse
 v - a scroll of summoning
 C - 2 scrolls of silence
 G - a scroll of holy word
 I - 3 scrolls of identify
 L - 3 scrolls of fear
 M - 6 scrolls of enchant weapon
Potions
 c - 3 potions of might
 d - a potion of invisibility
 p - 18 potions of curing
 u - 3 potions of mutation
 x - 7 potions of brilliance
 z - 5 potions of resistance
 A - 10 potions of heal wounds
 E - 2 potions of haste
 F - 4 potions of flight
 H - a potion of cancellation
 P - 3 potions of attraction
 T - 3 potions of ambrosia
 W - 2 potions of magic
 Y - 4 potions of lignification
Miscellaneous
 K - a condenser vane
 O - a phantom mirror
 Q - a phantom mirror
 R - a lightning rod (4/4)
 U - a box of beasts


   Skills:
 + Level 11.3 Fighting
 - Level 12.0 Short Blades
 + Level 5.0 Armour
 - Level 12.0 Dodging
 - Level 24.0 Stealth
 - Level 7.2 Shields
 - Level 8.0 Spellcasting
 - Level 14.5 Hexes
 * Level 5.4 Summonings
 - Level 10.0 Translocations
 - Level 3.0 Ice Magic
 + Level 4.4 Invocations


You had 6 spell levels left.
You knew the following spells:

 Your Spells              Type           Power        Failure   Level
a - Cause Fear            Hex            30%          1%          4
b - Ensorcelled Hibernat  Hex/Ice        86%          1%          2
c - Dazzling Flash        Conj/Hex       74%          1%          3
d - Blink                 Tloc           N/A          1%          2
f - Summon Forest         Summ/Tloc      19%          10%         5
s - Summon Lightning Spi  Summ/Air       18%          28%         4
z - Invisibility          Hex            60%          3%          6

Your spell library contained the following spells:

 Spells                   Type           Power        Failure   Level
 Apportation              Tloc           96%          1%          1
 Corona                   Hex            66%          1%          1
 Summon Small Mammal      Summ           100%         1%          1
 Call Imp                 Summ           29%          1%          2
 Slow                     Hex            60%          1%          2
 Confusing Touch          Hex            60%          1%          3
 Inner Flame              Hex/Fire       37%          1%          3
 Lesser Beckoning         Tloc           24%          1%          3
 Portal Projectile        Hex/Tloc       100%         1%          3
 Summon Guardian Golem    Hex/Summ       47%          1%          3
 Tukima's Dance           Hex            60%          1%          3
 Call Canine Familiar     Summ           29%          2%          3
 Fulminant Prism          Conj/Hex       18%          4%          4
 Leda's Liquefaction      Hex/Erth       18%          4%          4
 Metabolic Englaciation   Hex/Ice        21%          6%          5
 Beastly Appendage        Tmut           16%          9%          1
 Magic Dart               Conj           32%          9%          1
 Shock                    Conj/Air       32%          9%          1
 Iskenderun's Mystic Bla  Conj/Tloc      28%          11%         4
 Corpse Rot               Necr/Air       N/A          13%         2
 Poisonous Vapours        Pois/Air       16%          13%         2
 Searing Ray              Conj           16%          13%         2
 Swiftness                Air            8%           13%         2
 Wereblood                Tmut           8%           13%         2
 Summon Ice Beast         Ice/Summ       24%          16%         4
 Conjure Flame            Conj/Fire      8%           26%         3
 Mephitic Cloud           Conj/Pois/Air  8%           26%         3
 Spider Form              Tmut/Pois      4%           26%         3
 Static Discharge         Conj/Air       8%           26%         3
 Stone Arrow              Conj/Erth      16%          26%         3
 Ice Form                 Ice/Tmut       14%          41%         4
 Airstrike                Air            4%           63%         4
 Alistair's Intoxication  Tmut/Pois      5%           93%         5
 Blade Hands              Tmut           4%           93%         5
 Lightning Bolt           Conj/Air       4%           93%         5
 Ozocubu's Refrigeration  Ice            10%          98%         6
 Eringya's Noxious Bog    Tmut/Pois      4%           100%        6
 Freezing Cloud           Conj/Ice/Air   6%           100%        6
 Hydra Form               Tmut           4%           100%        6
 Simulacrum               Ice/Necr       7%           100%        6
 Summon Hydra             Summ           14%          100%        7


Dungeon Overview and Level Annotations

Branches:
Dungeon (15/15)            Temple (1/1) D:6            Lair (6/6) D:8
  Swamp (3/4) Lair:4       Spider (4/4) Lair:2        Slime (0/5) Lair:5
    Orc (2/2) D:10            Elf (0/3) Orc:2        Vaults (0/5) D:13
 Depths (0/5) D:15          IceCv (visited)

Altars:
Ashenzari
Cheibriados
Dithmenos
Elyvilon
Fedhas
Gozag
Hepliaklqana
Kikubaaqudgha
Makhleb
Nemelex Xobeh
Okawaru
Qazlal
Ru
Sif Muna
Trog
Uskayaw
Vehumet
Wu Jian
Xom
Yredelemnul
Zin
The Shining One
Beogh
Jiyva

Shops:
D:12 =(*([   D:14 (   Orc:2 [}=*

Annotations:
D:3 scottley's ghost, amateur TrMo
D:4 Duvessa
D:7 1 exclusion, Harold
D:9 2 exclusions
D:15 1 runed translucent door
Lair:5 3 runed translucent doors, Plazmod's ghost, journeyman DECj
Lair:6 2 runed translucent doors, tozz's ghost, journeyman PaFi
Spider:1 3 runed translucent doors, KittyFluff's ghost, adept GrBe


Innate Abilities, Weirdness & Mutations

You are very small and have problems with some larger weapons.
You are too small for most types of armour.
You have supernaturally acute eyesight. (SInv)
You cover ground extremely quickly.


Message History

The will-o-the-wisp barely misses you.
The will-o-the-wisp gestures.
The will-o-the-wisp conjures some foxfire! 2 foxfires come into view.
As you read the scroll of teleportation, it crumbles to dust.
You feel strangely unstable. The foxfire hits you.
* * * LOW HITPOINT WARNING * * *
The foxfire hits you!
* * * LOW HITPOINT WARNING * * *
The swamp worm fires a harpoon shot at you.
The harpoon shot misses you.
The harpoon shot hits the will-o-the-wisp!
As you read the scroll of fog, it crumbles to dust.
The scroll dissolves into smoke.
The will-o-the-wisp blinks!
The will-o-the-wisp completely misses you.
The will-o-the-wisp gestures.
The will-o-the-wisp conjures some foxfire! 2 foxfires come into view.
The foxfire hits you!!
You die...

♣..≈≈......≈v≈≈♣......≈♣≈≈.≈≈≈
♣≈§.≈♣♣..♣..≈≈≈≈..♣≈≈≈.♣[≈≈≈≈≈
♣♣≈≈.♣≈≈≈≈≈≈≈≈≈..♣♣≈§.≈♣.≈≈§≈≈
♣.♣..♣♣♣≈≈≈≈§§§.♣♣ ≈≈§≈≈..≈≈≈≈
♣...≈♣ ♣♣≈≈§§§§♣♣ ≈≈≈≈≈≈≈≈≈≈
♣§..≈ ♣§♣§§w♣♣ .≈§≈≈≈≈≈≈≈
♣♣♣§v§♣ .≈≈≈≈≈≈§§ ♣♣♣♣§§v♣
♣.≈.§§@♣ ♣≈.♣≈≈v♣ ≈≈.≈.♣..≈♣
..≈.≈≈......♣ ≈....≈..≈.≈♣♣
(.≈...≈.≈.≈. .....♣..≈.≈.≈
≈≈....≈...≈≈♣≈


You could see a will-o-the-wisp.

Vanquished Creatures
  Arachne (Spider:3)
  Kirke (Lair:4)
  A frost giant (IceCv)
  An emperor scorpion (Spider:2)
  An ironheart preserver (D:13)
  3 entropy weavers
  A spark wasp (Spider:2)
  A bunyip (Swamp:2)
  An eleionoma (Swamp:1)
  An ettin (D:15)
  14 hydras
  Fannar (Lair:2)
  3 boulder beetles
  8 centaur warriors
  A catoblepas (Lair:6)
  2 two-headed ogres (D:11)
  12 alligators
  9 death yaks
  A deep troll shaman (Lair:6)
  An ogre mage (D:15)
  4 tengu warriors
  Urug (Lair:2)
  3 spriggans
  3 goliath frogs
  A deep troll (D:15)
  2 unseen horrors
  An unseen horror (shapeshifter) (D:13)
  6 slime creatures (D:15)
  A spriggan druid (Swamp:3)
  A wizard (Swamp:1)
  4 bog bodies
  3 orb spiders
  5 swamp dragons
  4 orc knights
  2 deep elf magi
  5 wolf spiders
  2 manticores
  19 ugly things
  5 cyclopes
  A moth of wrath (Spider:3)
  3 will-o-the-wisps
  29 elephants
  Psyche (D:9)
  4 black mambas
  2 gargoyles
  A torpor snail (Spider:1)
  Maggie (D:9)
  16 cane toads
  An efreet (D:13)
  A yaktaur (D:15)
  11 demonic crawlers
  2 freezing wraiths (D:14)
  12 komodo dragons
  8 rime drakes
  6 trolls
  6 tyrant leeches
  21 polar bears
  A meliai (D:9)
  5 hornets
  13 jumping spiders
  9 dream sheep
  A meliai zombie (D:14)
  13 blink frogs
  30 yaks
  34 redbacks
  A spriggan (shapeshifter) (D:12)
  5 shadows
  9 tarantellas
  4 wyverns
  A vampire (D:15)
  4 wraiths
  3 basilisks
  2 steam dragons
  3 hogs (Lair:5)
  7 vampire mosquitoes
  19 swamp worms
  2 acid dragons
  A soldier ant (D:13)
  17 water moccasins
  2 black bears
  A meliai simulacrum (D:15)
  A swamp drake (Swamp:1)
  A sky beast (D:6)
  2 ice beasts
  An ice beast (shapeshifter) (D:14)
  44 orc warriors
  2 phantoms
  12 ogres
  An eye of draining (D:12)
  36 wolves
  27 centaurs
  A big kobold (D:12)
  28 bullfrogs
  2 gnoll sergeants
  8 scorpions
  Dowan (D:4)
  8 killer bees
  A wight (D:13)
  5 electric eels
  4 howler monkeys
  3 crimson imps (D:5)
  6 jellies
  3 centaur zombies
  2 bullfrog zombies (D:9)
  2 quasits
  3 bullfrog skeletons
  3 hounds
  A gnoll shaman (D:4)
  21 orc priests
  10 orc wizards
  10 worker ants
  4 iguanas
  14 gnolls
  A howler monkey skeleton (D:6)
  17 adders
  12 river rats (D:5)
  4 shadow imps
  6 white imps
  An ufetubus (D:7)
  3 oozes
  An adder zombie (D:9)
  2 adder skeletons
  A worm (D:4)
  3 dart slugs
  9 leopard geckos
  106 orcs
  8 giant cockroaches
  9 goblins
  5 hobgoblins
  15 jackals
  11 quokkas
  A ball python skeleton (D:4)
  7 bats
  5 frilled lizards
  14 kobolds
  A leopard gecko skeleton (D:4)
  A leopard gecko zombie (D:5)
  24 rats
983 creatures vanquished.

Vanquished Creatures (others)
  A spriggan (Swamp:3)
  A tengu conjurer (D:15)
  4 polar bears (IceCv)
  2 bloated husks
  4 blink frogs (Lair:5)
  A slime creature (D:13)
  A hornet (Swamp:3)
  A swamp worm (Swamp:2)
  14 foxfires
  28 fungi
  49 plants
106 creatures vanquished.

Grand Total: 1089 creatures vanquished

Notes
Turn   | Place    | Note
-------+----------+-------------------------------------------
     0 | D:1      | jmmainvi the Spriggan Enchanter began the quest for the
                  | Orb.
     0 | D:1      | Reached XP level 1. HP: 9/9 MP: 5/5
   487 | D:1      | Reached XP level 2. HP: 13/13 MP: 7/7
   491 | D:1      | Learned a level 2 spell: Ensorcelled Hibernation
   520 | D:1      | Reached skill level 5 in Stealth
   793 | D:1      | Found a sparkling altar of Nemelex Xobeh.
  1019 | D:1      | Reached XP level 3. HP: 16/16 MP: 8/8
  1190 | D:1      | Reached skill level 6 in Stealth
  1795 | D:2      | Noticed an orc warrior
  1831 | D:2      | Killed an orc warrior
  1832 | D:2      | Reached skill level 8 in Stealth
  1832 | D:2      | Reached XP level 4. HP: 21/21 MP: 1/9
  2173 | D:2      | Reached XP level 5. HP: 24/24 MP: 10/10
  2822 | D:3      | Found a bloodstained altar of Trog.
  3165 | D:3      | Found a transporter.
  3172 | D:3      | Noticed scottley's ghost (amateur TrMo)
  3175 | D:3      | Found a transporter.
  3214 | D:3      | Reached skill level 9 in Stealth
  3380 | D:3      | Found a faded altar of an unknown god.
  3549 | D:3      | Reached skill level 1 in Ice Magic
  4405 | D:4      | Reached XP level 6. HP: 28/28 MP: 6/11
  4723 | D:4      | Reached skill level 10 in Stealth
  5388 | D:4      | Noticed Duvessa
  5388 | D:4      | Noticed Dowan
  5410 | D:4      | Killed Dowan
  5411 | D:4      | Reached XP level 7. HP: 32/32 MP: 9/12
  5916 | D:5      | Entered Level 5 of the Dungeon
  6160 | D:5      | Reached skill level 11 in Stealth
  6253 | D:5      | Found a shimmering altar of Xom.
  7129 | D:5      | Reached skill level 12 in Stealth
  8072 | D:6      | Learned a level 3 spell: Dazzling Flash
  8079 | D:6      | Reached XP level 8. HP: 30/37 MP: 6/13
  8175 | D:6      | Found an ornate altar of the Wu Jian Council.
  8204 | D:6      | Reached skill level 1 in Fighting
  8204 | D:6      | Reached skill level 5 in Hexes
  8780 | D:6      | Found a staircase to the Ecumenical Temple.
  8785 | Temple   | Entered the Ecumenical Temple
  9101 | Temple   | Became a worshipper of Dithmenos the Shadowed
  9680 | D:7      | Reached skill level 5 in Dodging
 10588 | D:7      | Found a sparkling altar of Nemelex Xobeh.
 10685 | D:7      | Noticed Harold
 11463 | D:8      | Found an opulent altar of Gozag.
 11592 | D:8      | Reached * piety under Dithmenos
 11593 | D:8      | Reached XP level 9. HP: 44/44 MP: 7/14
 11799 | D:8      | Found a broken altar of Ashenzari.
 12532 | D:9      | Found a blossoming altar of Fedhas.
 12536 | D:9      | Found a sparkling altar of Nemelex Xobeh.
 12584 | D:9      | Noticed an unseen horror
 12646 | D:9      | Killed an unseen horror
 12647 | D:9      | Reached skill level 10 in Hexes
 12758 | D:9      | Reached XP level 10. HP: 49/49 MP: 15/15
 12771 | D:9      | Noticed a cyclops
 12772 | D:9      | Noticed a skeletal warrior
 12817 | D:9      | Reached ** piety under Dithmenos
 12842 | D:9      | Noticed Maggie
 12848 | D:9      | Killed Maggie
 12896 | D:9      | Killed a cyclops
 12897 | D:9      | Reached skill level 10 in Dodging
 13193 | D:9      | Noticed Psyche
 13201 | D:9      | Killed Psyche
 13202 | D:9      | Reached skill level 5 in Short Blades
 13701 | D:10     | Entered Level 10 of the Dungeon
 14961 | D:10     | Reached *** piety under Dithmenos
 15115 | D:10     | Noticed an orc knight
 15165 | D:10     | Killed an orc knight
 15166 | D:10     | Reached XP level 11. HP: 36/53 MP: 4/16
 15316 | D:10     | Found a staircase to the Orcish Mines.
 15714 | D:11     | Noticed a two-headed ogre
 15720 | D:11     | Killed a two-headed ogre
 15933 | D:11     | Noticed a two-headed ogre
 15934 | D:11     | Noticed an unseen horror
 15944 | D:11     | Killed an unseen horror
 15968 | D:11     | Killed a two-headed ogre
 16525 | D:11     | Got a steaming falchion
 16770 | D:12     | Found Notyoh's Weapon Shoppe.
 17048 | D:12     | Noticed a deep elf mage
 17056 | D:12     | Killed a deep elf mage
 17072 | D:12     | Identified the +8 falchion of Tumult {flame, rF+ rC- rN+
                  | Str+2} (You found it on level 11 of the Dungeon)
 17438 | D:12     | Reached skill level 13 in Stealth
 17598 | D:12     | Found Tesemuni's Jewellery Shoppe.
 17686 | D:12     | Reached skill level 10 in Short Blades
 17831 | D:12     | Found Moale's Antique Weapon Emporium.
 17835 | D:12     | Found Liof's Armour Emporium.
 17840 | D:12     | Reached **** piety under Dithmenos
 18409 | D:12     | Found Baycw's Assorted Antiques.
 18421 | D:12     | Bought a scroll labelled FEONIGEF ILIZ for 33 gold pieces
 18421 | D:12     | Bought 2 scrolls labelled WUWATO UMPO for 66 gold pieces
 18421 | D:12     | Bought a scroll labelled EGAOFA QESUM for 33 gold pieces
 18818 | D:12     | Reached skill level 14 in Stealth
 18911 | D:12     | You fall into a shaft and drop 2 floors!
 18912 | D:14     | Noticed a centaur warrior
 18915 | D:14     | Killed a centaur warrior
 18916 | D:14     | Reached XP level 12. HP: 53/58 MP: 12/17
 18937 | D:14     | Found Piegont's Weapon Shoppe.
 19044 | D:14     | Found a flickering gateway to a bazaar.
 19051 | D:14     | Noticed a centaur warrior
 19059 | Bazaar   | Entered a bazaar
 19059 | Bazaar   | Found Caten's Armour Boutique.
 19059 | Bazaar   | Found Pog Matz's Magic Scroll Shoppe.
 19059 | Bazaar   | Found Baofoasia's Distillery.
 19059 | Bazaar   | Found Koraokiosch's Magic Scroll Shoppe.
 19061 | Bazaar   | Found Oleire Cemag's Book Emporium.
 19061 | Bazaar   | Found Keqon's Weapon Shop.
 19085 | Bazaar   | Bought the +10 quick blade "Beastslayer" {drain, rElec
                  | Dex+4} for 795 gold pieces
 19156 | D:13     | Found a gate to the Vaults.
 19156 | D:13     | Noticed an ironheart preserver
 19161 | D:13     | Noticed a centaur warrior
 19201 | D:13     | Noticed a tengu warrior
 19243 | D:13     | Found a frozen archway.
 19249 | IceCv    | Entered an ice cave
 19265 | IceCv    | Reached skill level 15 in Stealth
 19716 | IceCv    | Reached ***** piety under Dithmenos
 19800 | IceCv    | Reached skill level 16 in Stealth
 19921 | IceCv    | Noticed a frost giant
 20543 | IceCv    | Killed a frost giant
 20544 | IceCv    | Reached skill level 5 in Fighting
 20544 | IceCv    | Reached skill level 5 in Spellcasting
 20590 | IceCv    | Got a crude arbalest
 20592 | IceCv    | Identified the +9 arbalest of Radicalism {elec, rN+ Will-
                  | Str+2 Stlth+} (You found it in an ice cave)
 21185 | D:8      | Found a staircase to the Lair.
 22277 | D:5      | Found a shimmering altar of Xom.
 22678 | Lair:1   | Entered Level 1 of the Lair of Beasts
 22901 | Lair:1   | Reached skill level 1 in Shields
 23016 | Lair:1   | Reached XP level 13. HP: 44/65 MP: 12/24
 23580 | Lair:2   | Noticed Fannar
 23584 | Lair:2   | Killed Fannar
 24047 | Lair:2   | Found a hole to the Spider Nest.
 24269 | Lair:2   | Noticed Urug
 24271 | Lair:2   | Killed Urug
 24488 | Lair:2   | Reached skill level 17 in Stealth
 25608 | Lair:3   | Found a white marble altar of Elyvilon.
 26282 | Lair:4   | Reached skill level 18 in Stealth
 26515 | Lair:4   | Learned a level 4 spell: Cause Fear
 26653 | Lair:4   | Reached skill level 5 in Shields
 27107 | Lair:4   | Found a staircase to the Swamp.
 27609 | Lair:5   | Reached XP level 14. HP: 72/72 MP: 27/27
 27635 | Lair:5   | Noticed Kirke
 27795 | Lair:5   | Reached skill level 19 in Stealth
 27855 | Lair:5   | You fall into a shaft and drop 1 floor!
 27855 | Lair:6   | Entered Level 6 of the Lair of Beasts
 27985 | Lair:4   | Killed Kirke
 28313 | Lair:5   | Found a runed translucent gate.
 28314 | Lair:5   | Found a runed translucent gate.
 28314 | Lair:5   | Found a runed translucent gate.
 28325 | Lair:5   | Noticed Plazmod's ghost (journeyman DECj)
 28717 | Lair:5   | Found a viscous altar of Jiyva.
 28717 | Lair:5   | Found a staircase to the Slime Pits.
 29025 | Lair:6   | Reached skill level 20 in Stealth
 29284 | Lair:6   | Found a large runed translucent door.
 29284 | Lair:6   | Found a large runed translucent door.
 29284 | Lair:6   | Noticed tozz's ghost (journeyman PaFi)
 29500 | Lair:6   | Reached ****** piety under Dithmenos
 29670 | Lair:6   | Reached skill level 21 in Stealth
 30023 | Lair:6   | Reached XP level 15. HP: 78/78 MP: 28/28
 30765 | Orc:1    | Entered Level 1 of the Orcish Mines
 30772 | Orc:1    | Learned a level 5 spell: Summon Forest
 31112 | Orc:2    | Entered Level 2 of the Orcish Mines
 31156 | Orc:2    | Found a flickering gateway to a bazaar.
 31165 | Bazaar   | Entered a bazaar
 31210 | Bazaar   | Found Moanuud's Antique Armour Shoppe.
 31210 | Bazaar   | Found Senlevov's Jewellery Emporium.
 31232 | Bazaar   | Found Gidiacymm's Book Shoppe.
 31232 | Bazaar   | Found Dulammia's Magic Scroll Emporium.
 31303 | Bazaar   | Bought a scroll of enchant armour for 97 gold pieces
 31303 | Bazaar   | Bought a scroll of magic mapping for 45 gold pieces
 31303 | Bazaar   | Bought a scroll of fear for 45 gold pieces
 31304 | Bazaar   | Bought a scroll of identify for 26 gold pieces
 31340 | Bazaar   | Bought a book of Callings for 270 gold pieces
 31340 | Bazaar   | Bought a book of Party Tricks for 450 gold pieces
 31347 | Bazaar   | Learned a level 6 spell: Invisibility
 31360 | Bazaar   | Learned a level 4 spell: Summon Lightning Spire
 31394 | Orc:2    | Reached skill level 1 in Translocations
 31653 | Orc:2    | Reached skill level 22 in Stealth
 31741 | Orc:2    | Found a staircase to the Elven Halls.
 32212 | Orc:2    | Found a roughly hewn altar of Beogh.
 32544 | Orc:2    | Found a roughly hewn altar of Beogh.
 32662 | Orc:2    | Found Poru's Gadget Shoppe.
 32662 | Orc:2    | Found Sagg's Jewellery Boutique.
 32664 | Orc:2    | Found Yzum's General Store.
 32666 | Orc:2    | Found Vewukux's Antique Armour Emporium.
 32673 | Orc:2    | Bought a scroll of enchant armour for 97 gold pieces
 32673 | Orc:2    | Bought a potion of curing for 39 gold pieces
 33604 | D:14     | Reached skill level 5 in Translocations
 33838 | D:14     | Reached skill level 23 in Stealth
 34194 | D:15     | Entered Level 15 of the Dungeon
 34303 | D:15     | Reached skill level 10 in Fighting
 34504 | D:15     | Reached skill level 24 in Stealth
 34814 | D:15     | Found a staircase to the Depths.
 34895 | D:15     | Reached skill level 1 in Summonings
 34904 | D:15     | Reached skill level 1 in Armour
 35123 | D:15     | Found a runed translucent door.
 35126 | D:15     | Reached XP level 16. HP: 85/85 MP: 29/29
 35126 | D:15     | Noticed a tengu reaver
 35127 | D:15     | Found the +5 demon whip "Spellbinder" {antimagic, Will+}
 35607 | D:15     | Learned a level 2 spell: Blink
 36072 | Spider:1 | Entered Level 1 of the Spider Nest
 37051 | Spider:1 | Found a runed translucent gate.
 37051 | Spider:1 | Found a runed translucent gate.
 37051 | Spider:1 | Found a runed translucent gate.
 37052 | Spider:1 | Noticed KittyFluff's ghost (adept GrBe)
 38424 | Spider:3 | Noticed Arachne
 38616 | Spider:3 | Reached skill level 10 in Translocations
 38687 | Spider:3 | Identified a scroll of acquirement
 38690 | Spider:3 | Acquired a +8 quick blade
 38725 | Spider:3 | Killed Arachne
 38726 | Spider:3 | Reached skill level 1 in Invocations
 39665 | Spider:4 | Entered Level 4 of the Spider Nest
 39801 | Swamp:1  | Entered Level 1 of the Swamp
 41243 | Swamp:2  | Reached skill level 5 in Summonings
 41534 | Swamp:2  | Reached XP level 17. HP: 69/91 MP: 27/30
 42742 | Swamp:3  | Reached skill level 5 in Armour
 42791 | Swamp:3  | Killed from afar by a will-o-the-wisp

Illustrated notes

Levels and vault maps discovered:
D:1:      minmay_arrival_four_loops, layout_loops_corners,
          nemelex_diamond_rough_becter
D:2:      layout_basic, minmay_crystal_room
D:3:      minmay_razor_zed, layout_basic, gammafunk_ghost_gnarly_gnolls,
          chequers_ecumenical_altar_twisty, trog_three_pillars_becter
D:4:      cheibrodos_quashed, layout_basic, moated_statue, uniq_duvessa
D:5:      lemuel_ratsnest, layout_loops_cross, led_xom_imps
D:6:      layout_gridville, temple_doors_cd, basic_altar, nrook_campfire
D:7:      layout_basic, kennysheep_doodads, minivault_1,
          nemelex_lonely_heart_becter, uniq_harold
D:8:      kennysheep_windowed_halls, layout_gridville, grunt_gozag_breadcrumbs,
          lemuel_crystal_altar, lair_entry_dummy
D:9:      minmay_the_grid_octo_tiled_octocenter [minmay_the_grid_octo_toaster,
          minmay_the_grid_octo_checkered, minmay_the_grid_octo_odd_swirl,
          minmay_the_grid_octo_checkerflower, minmay_the_grid_octo_prize_big_c,
          minmay_the_grid_square_5x5_misaligned, minmay_the_grid_square_5x5_z,
          minmay_the_grid_square_5x5_checkered,
          minmay_the_grid_square_5x5_trominoes], layout_cave_pools,
          nemelex_xobeh_ov_fountains_minmay, fedhas_altar_1, uniq_psyche,
          uniq_maggie
D:10:     layout_irregular_city, erik_orc_2, serial_rivers,
          chequers_serial_rivers_small_3, chequers_serial_rivers_large_b,
          chequers_serial_rivers_small_a, chequers_serial_rivers_small_b,
          chequers_serial_rivers_marsh
D:11:     layout_irregular_city
D:12:     minmay_opposing_rooms, layout_basic, serial_shops, shop, shop,
          nicolae_shop_waterfront, shop, shop
D:13:     layout_loops_ring, skrybe_vaults_entry_preservation,
          portal_ice_cave_rime
D:14:     layout_roguey, serial_shops, bzr_entry_customers, nicolae_shop_trees,
          minmay_misc_feat_chi
D:15:     hangedman_depths_entry_civil_slaughter, layout_loops_cross,
          minmay_st_funbox
Temple:   dpeg_five_rooms_temple
Lair:1:   layout_misc_corridors, minivault_23, minivault_24
Lair:2:   layout_gridlike, spider_nest_entry_rubble, beast_lair_carwin_10,
          uniq_fannar, uniq_urug
Lair:3:   layout_chaotic_city, basic_altar, beast_lair_carwin_7,
          grunt_megastairs_1, lemuel_fruit_fields, serial_bayou_shore_b
Lair:4:   layout_regular_city, nicolae_swamp_entry_splash_gauntlet,
          cheibrodos_lair_lostbears
Lair:5:   onia_ninara_swampy_vault, layout_misc_corridors,
          dpeg_slime_entry_enclosed_altar, ebering_ghost_rock_garden,
          infiniplex_staircase_pool, uniq_kirke
Lair:6:   grunt_lair_end_beastmaster, layout_long_grid,
          ebering_ghost_disaster_area, minivault_11
Swamp:1:  layout_falls_marsh, nicolae_swamp_little_tower, swamp_pool2,
          grunt_hermit_hut
Swamp:2:  layout_falls_marsh, evilmike_swamp_ruin_house_6
Swamp:3:  layout_basic_swamp, nicolae_swamp_feature_on_the_river_bank
Spider:1: layout_spider_delve, gammafunk_ghost_necromancy
Spider:2: layout_spider_delve
Spider:3: layout_spider_delve, uniq_arachne
Spider:4: grunt_spider_rune_circles, gammafunk_ghost_berserking_beasts
Orc:1:    layout_caves
Orc:2:    st_orc_rangers, layout_caves, serial_shops, bzr_entry_dummy,
          basic_altar, minmay_orc_temple_b

Skill      XL: |  1  2  3  4  5  6  7  8  9 10 11 12 13 14 15 16 17 |
---------------+----------------------------------------------------+-----
Spellcasting   | 3 6 8 |  8.0
Stealth        | 5 8 9 10 12 14 16 18 21 24 | 24.0
Hexes          | 4 7 10 12 13 14 | 14.5
Ice Magic      | 1 2 3 |  3.0
Short Blades   | 2 6 10 12 | 12.0
Fighting       | 3 4 5 7 8 10 11 | 11.3
Dodging        | 6 8 11 12 | 12.0
Shields        | 1 5 7 |  7.2
Translocations | 7 10 | 10.0
Summonings     | 1 5 |  5.4
Armour         | 1 4 5 |  5.0
Invocations    | 3 4 |  4.4

Action                   |  1- 3 |  4- 6 |  7- 9 | 10-12 | 13-15 | 16-18 || total
-------------------------+-------+-------+-------+-------+-------+-------++-------
Melee: Dagger            |    74 |    93 |   304 |   109 |       |       ||   580
       Rapier            |       |       |       |   369 |       |       ||   369
       Quick blade       |       |       |       |   288 |  1174 |   574 ||  2036
Throw: Dart              |       |       |       |     2 |       |       ||     2
 Cast: Corona            |     7 |       |       |       |       |       ||     7
       Ensorcelled Hiber |    19 |    63 |   121 |   195 |   260 |   123 ||   781
       Dazzling Flash    |       |       |     2 |     8 |    23 |       ||    33
       Summon Forest     |       |       |       |       |       |     2 ||     2
Invok: Shadow Step       |       |       |       |     5 |     4 |     1 ||    10
Evoke: Wand              |       |       |       |     6 |       |       ||     6
       Phantom mirror    |       |       |       |     1 |       |       ||     1
       Lightning rod     |       |       |       |       |     1 |       ||     1
  Use: Scroll            |       |       |     8 |    19 |     6 |    15 ||    48
 Stab: Sleeping          |    25 |    49 |   108 |   169 |   203 |   109 ||   663
       Invisible         |       |       |     2 |     6 |    13 |       ||    21
       Distracted        |       |       |     1 |     4 |    16 |     3 ||    24
Armor: Robe              |    11 |    16 |    27 |    37 |       |       ||    91
       Steam dragon scal |       |       |       |     1 |    71 |    19 ||    91
       Acid dragon scale |       |       |       |       |       |    26 ||    26
Dodge: Dodged            |    47 |    80 |   215 |   597 |   598 |   375 ||  1912
Block: Buckler           |       |       |       |     5 |   284 |   171 ||   460
       Reflection        |       |       |       |       |     8 |     5 ||    13
